 Dungeon Crawl Stone Soup version 0.25-a0-322-g3677130cb1 (webtiles) character file.

Game seed: 4347699346010697321, levelgen mode: deterministic

41 Glalom the Chopper (level 3, -1/33 HPs)
             Began as a Deep Dwarf Fighter on Dec 27, 2019.
             Slain by a gnoll
             ... wielding a +0 spear
              (4 damage)
             ... on level 2 of the Dungeon.
             The game lasted 00:01:31 (488 turns).

Glalom the Chopper (Deep Dwarf Fighter)              Turns: 488, Time: 00:01:31

Health: -1/33      AC:  6    Str: 20    XL:     3   Next: 32%
Magic:  3/3        EV:  7    Int:  8    God:
Gold:   0          SH:  9    Dex: 12    Spells: 2/2 levels left

rFire    . . .     SeeInvis .   a - +0 war axe
rCold    . . .     Gourm    .   c - +0 shield
rNeg     . . .     Faith    .   b - +0 scale mail
rPois    .         Spirit   .   (no helmet)
rElec    .         Reflect  .   (no cloak)
rCorr    .         Harm     .   (no gloves)
MR       .....                  (no boots)
Stlth    ..........             (no amulet)
HPRegen  0.00/turn              (no ring)
MPRegen  0.08/turn              (no ring)

@: non-regenerating
A: damage resistance, heal wounds, sense surroundings 1, no regeneration
a: Heal Wounds


You were on level 2 of the Dungeon.
You were not hungry.

You visited 1 branch of the dungeon, and saw 2 of its levels.

Inventory:

Hand Weapons
 a - a +0 war axe (weapon)
Armour
 b - a +0 scale mail (worn)
 c - a +0 shield (worn)
Scrolls
 e - a scroll of identify {unknown}
Potions
 d - a potion of might
Comestibles
 f - 2 rations


   Skills:
 - Level 2.6 Fighting
 + Level 4.2 Axes
 - Level 3.2 Armour
 - Level 3.2 Shields


You had 2 spell levels left.
You didn't know any spells.
Your spell library was empty.

Dungeon Overview and Level Annotations

Branches:
Dungeon (1/15)

Altars:


Innate Abilities, Weirdness & Mutations

You are resistant to damage.
You can heal yourself by infusing magical energy.
You passively map a small area around you.
You do not regenerate.


Message History

You are no longer poisoned.
You block the kobold's attack.
You hit the kobold.
You kill the kobold!
The quokka bites you.
You closely miss the quokka.
The quokka bites you but does no damage.
The gnoll hits you but does no damage.
You barely miss the quokka. You block the quokka's attack.
The gnoll completely misses you. You block the quokka's attack.
You miss the quokka. The quokka bites you.
* * * LOW HITPOINT WARNING * * *
The gnoll hits you from afar with a +0 spear.
The quokka bites you but does no damage.
You block the gnoll's attack.
You hit the quokka.
The quokka is severely wounded.
You block the quokka's attack.
The gnoll hits you from afar with a +0 spear.
You die...

,, , * * **,, .... * , * *,
.....#### , * *, .......# ,, ,
,s..#..... * ** * ** ..... ... ,
.# ##..#*.... , *
.###########?..##.... ..#######
.##.@rggr!......!.#*
......(.####....###aK...#r..###
.....##.....#...#...##.##..## *
..............#.#.#.g...gr.######
..............#.#.#.....#.#g.....
..!.....................#.#......
....g.........#.......$...r.(....
...........?K.##*#..g..##K#......
.............g.# #..[..##.#g.....


You could see a worker ant, 2 gnolls, a quokka, a kobold and a rat.

Vanquished Creatures
  A gnoll (D:2)
  An adder (D:2)
  A leopard gecko (D:1)
  A bat (D:2)
  A giant cockroach (D:2)
  3 goblins
  4 hobgoblins (D:1)
  4 jackals
  A frilled lizard (D:1)
  A kobold (D:2)
18 creatures vanquished.

Notes
Turn   | Place    | Note
-------+----------+-------------------------------------------
     0 | D:1      | Glalom the Deep Dwarf Fighter began the quest for the Orb.
     0 | D:1      | Reached XP level 1. HP: 20/20 MP: 1/1
    87 | D:1      | Reached skill level 3 in Axes
    87 | D:1      | Reached XP level 2. HP: 21/27 MP: 2/2
   416 | D:1      | You fall into a shaft and drop 1 floor!
   477 | D:2      | Reached XP level 3. HP: 12/33 MP: 3/3
   482 | D:2      | Reached skill level 4 in Axes
   488 | D:2      | Slain by a gnoll

Levels and vault maps discovered:
D:1:      evilmike_arrival_plus, layout_basic, serial_co_window_serial,
          co_window_paths_a, co_window_corner_a, co_window_cross_1,
          co_window_paths_a, co_window_cross_1, co_window_paths_c,
          co_window_paths_c, co_window_cross_4, co_window_corner_b,
          co_window_cross_2, co_window_sun, glass_columns_a, glass_columns_c,
          glass_columns_a, glass_columns_a, lexackson_kobold_supper
D:2:      layout_rooms

Skill      XL: |  1  2  3 |
---------------+----------+-----
Axes           | 3 4 |  4.2
Fighting       | |  2.6
Armour         | |  3.2
Shields        | |  3.2

Action                   || total
-------------------------++-------
Melee: War axe           ||    60
Armor: Scale mail        ||    34
Dodge: Dodged            ||    26
Block: Shield            ||    45

Table legend:
 A = Non-vault XP
 B = Vault XP
 C = Vault XP percentage of total XP
 D = Non-vault monster count
 E = Vault monster count
 F = Vault count percentage of total count
                 A         B        C        D         E       F
            +---------+---------+-------+---------+---------+-------
      Total |      59 |       0 |   0.0 |      18 |       0 |   0.0
            +---------+---------+-------+---------+---------+-------
        D:1 |      18 |       0 |   0.0 |       9 |       0 |   0.0
        D:2 |      41 |       0 |   0.0 |       9 |       0 |   0.0
            +---------+---------+-------+---------+---------+-------
